 Dungeon Crawl Stone Soup version 0.30.0-18-gf1372a6a44 (webtiles) character file.

Game seed: 17204453924653267495

62 qw the Chopper (level 4, -5/28 HPs)
             Began as a Gargoyle Fighter on May 21, 2023.
             Killed by nerve-wracking pain
             ... invoked by Jessica
              (7 damage)
             ... on level 2 of the Dungeon.
             The game lasted 00:00:37 (1032 turns).

qw the Chopper (Gargoyle Fighter)                   Turns: 1032, Time: 00:00:37

Health: -5/28      AC: 10    Str: 22    XL:     4   Next: 8%
Magic:  4/4        EV:  9    Int:  8    God:
Gold:   93         SH:  4    Dex:  9    Spells: 3/3 levels left

rFire   . . .        Y - +0 war axe
rCold   . . .        c - +0 buckler
rNeg    + . .        b - +0 scale mail
rPois   inf          (no helmet)
rElec   +            (no cloak)
rCorr   .            (no gloves)
SInv    .            (no boots)
Will    .....        (no amulet) Stlth
                     (no ring)
HPRegen 0.24/turn    (no ring)
MPRegen 0.09/turn

%: no passive effects
@: no status effects
A: sickness immunity, AC +3, negative energy resistance 1, electricity
resistance, torment resistance 1, petrification resistance
a: no special abilities


You were on level 2 of the Dungeon.
You visited 1 branch of the dungeon, and saw 2 of its levels.

You collected 93 gold pieces.


Innate Abilities, Weirdness & Mutations

You are immune to sickness and miasma.
Your stone body is resilient. (AC +3)
You are immune to poison.
You resist negative energy. (rN+)
You are resistant to electric shocks. (rElec)
You are resistant to unholy torment.
You are immune to petrification.


   Skills:
 - Level 3.2 Fighting
 + Level 3.8 Axes
 - Level 3.2 Armour
 - Level 3.2 Shields


You had 3 spell levels left.
You didn't know any spells.
Your spell library was empty.

Inventory:

Hand Weapons
 e - a +0 mace
 Y - a +0 war axe (weapon)
Armour
 b - a +0 scale mail (worn)
 c - a +0 buckler (worn)
Scrolls
 j - a scroll of identify
Potions
 d - a potion of might
 g - a potion of curing

Dungeon Overview and Level Annotations

Branches:
Dungeon (2/15)

Altars:

Annotations:
D:2 Jessica


Message History

You block the goblin's attack. The goblin hits you with a +0 dagger.
The hobgoblin hits you but does no damage.
Robin roars a battlecry!
The goblin goes into a battle-frenzy!
A goblin comes into view. It is wielding a +0 club.
The goblin closely misses you. The goblin hits you but does no damage.
The goblin shouts!
You closely miss the hobgoblin.
The hobgoblin is almost dead.
You slash the goblin!
You kill the goblin!
You closely miss the goblin. You slash Robin! The hobgoblin closely misses you.
Jessica gestures wildly while chanting.
Jessica blinks!
The goblin closely misses you.
Robin says, "Feeling lonely?"
You block Robin's attack.
You slash the hobgoblin!
You kill the hobgoblin!
You hit Robin.
You kill Robin!
You closely miss the goblin. You block the goblin's attack.
A goblin comes into view. It is wielding a +2 dagger of speed.
You have reached level 4!
You feel stronger.
You slash the goblin!
You kill the goblin!
You hit the goblin.
You kill the goblin!
You closely miss the goblin.
The goblin hits you with a +2 dagger of speed.
You closely miss the goblin. You block the goblin's attack.
Jessica casts a spell.
Jessica blinks!
The goblin hits you but does no damage.
You slash the goblin!
You kill the goblin!
Jessica casts a spell at you. Pain shoots through your body!
You die...

#############
##............
###)%###'''#####
##...##~~...~~#
#..###~~#)..#~~#
###.###~~#%#.#.#~~#
#######...##~~#)@)#...#~~
........###~~#.#.#.#g#.#~
.#####.## ~~#..@#.#.#.@.#
.## #.# ~#.#.# #.#.#.#.#
..# #.[ #...# #...#...
#.## ##.+..#.# #.#.#.
<..# .+...# #.#. #..# .+
.# #. #..# ##


You could see Jessica (fast).

Vanquished Creatures
  Robin (D:2)
  2 bats
  7 endoplasms
  2 giant cockroaches (D:1)
  11 goblins
  7 hobgoblins
  3 quokkas (D:1)
  3 ball pythons (D:1)
  2 frilled lizards (D:1)
  A kobold (D:1)
  4 rats (D:1)
43 creatures vanquished.

Notes
Turn   | Place    | Note
-------+----------+-------------------------------------------
     0 | D:1      | qw the Gargoyle Fighter began the quest for the Orb.
     0 | D:1      | Reached XP level 1. HP: 14/14 MP: 1/1
     0 | D:1      | 0 ||| qw: Version: 0.2-a-98-g5d7165a
     0 | D:1      | 0 ||| qw: Game counter: 5
     0 | D:1      | 0 ||| qw: Always use a shield: true
     0 | D:1      | 0 ||| qw: God list: Okawaru
     0 | D:1      | 0 ||| qw: Allow faded altars: false
     0 | D:1      | 0 ||| qw: Do Orc after D:15 true
     0 | D:1      | 0 ||| qw: Do second Lair branch before Depths: true
     0 | D:1      | 0 ||| qw: Lair rune preference: random
     0 | D:1      | 0 ||| qw: Plans: Normal, Zot:1-4, God:TSO, Crypt, Tomb,
                  | Pan, Slime:5, Hells, Abyss, Win
     0 | D:1      | 0 ||| PLANNING D:1-11
   131 | D:1      | 131 ||| Stepping ~*~*~tactically~*~*~ (stealth).
   136 | D:1      | Reached XP level 2. HP: 15/19 MP: 2/2
   170 | D:1      | 170 ||| Stepping ~*~*~tactically~*~*~ (stealth).
   181 | D:1      | 181 ||| Stepping ~*~*~tactically~*~*~ (stealth).
   377 | D:1      | Reached skill level 3 in Axes
   662 | D:1      | Reached XP level 3. HP: 23/23 MP: 3/3
   947 | D:1      | 947 ||| DROPPING amulet of faith.
   948 | D:1      | 948 ||| READING scroll labelled DISIUQ VOQU.
   949 | D:1      | 949 ||| READING scroll labelled JEOJ IRPHI YPRI.
   950 | D:1      | 950 ||| READING 2 scrolls labelled QOYXKI OSUMN.
   951 | D:1      | 951 ||| DRINKING 2 inky potions.
  1009 | D:2      | Noticed Jessica
  1010 | D:2      | 1010 ||| Stepping ~*~*~tactically~*~*~ (hiding).
  1013 | D:2      | 1013 ||| Stepping ~*~*~tactically~*~*~ (hiding).
  1019 | D:2      | Noticed Robin
  1025 | D:2      | HP: 5/23 [Robin/+0 short sword (3)]
  1025 | D:2      | HP: 1/23 [goblin/+0 dagger[Robin] (4)]
  1027 | D:2      | Killed Robin
  1028 | D:2      | Reached XP level 4. HP: 2/28 MP: 4/4
  1032 | D:2      | Killed from afar by Jessica

Levels and vault maps discovered:
D:1:      minmay_arrival_open_corners, layout_basic
D:2:      layout_loops_ring, kennysheep_cluttered_room, uniq_robin, uniq_jessica

Skill      XL: |  1  2 |
---------------+-------+-----
Axes           | 2 3 |  3.8
Fighting       | |  3.2
Armour         | |  3.2
Shields        | |  3.2

Action                     |  1- 3 |  4- 6 || total
---------------------------+-------+-------++-------
  Melee: War axe           |   104 |     4 ||   108
    Use: Scroll            |     3 |       ||     3
         Potion            |     1 |       ||     1
 Armour: Scale mail        |    45 |     1 ||    46
  Dodge: Dodged            |    41 |       ||    41
  Block: Buckler           |    25 |     1 ||    26

Table legend:
 A = Non-vault XP
 B = Vault XP
 C = Vault XP percentage of total XP
 D = Non-vault monster count
 E = Vault monster count
 F = Vault count percentage of total count
                 A         B        C        D         E       F
            +---------+---------+-------+---------+---------+-------
      Total |      54 |      35 |  39.3 |      32 |      11 |  25.6
            +---------+---------+-------+---------+---------+-------
        D:1 |      47 |       0 |   0.0 |      28 |       0 |   0.0
        D:2 |       7 |      35 |  83.3 |       4 |      11 |  73.3
            +---------+---------+-------+---------+---------+-------
